Map: Acid Plant LE

Players

Serral - Winner!

  • Race: Zerg Zerg
  • Spawn Location: 11:00

Has

  • Race: Protoss Protoss
  • Spawn Location: 5:00

Event: WCS Valencia 2018

VOD

Have the link to the VOD?

Description

Time

  • Played on: July 14, 2018, 12:55 p.m.
  • Length: 10:14

All games in this series

Show
View Real Time Build Order
Export as new Build Order

Serral Zerg - Winner!

Build Orders: Hatch First, Ravager All-In 

Get SALT Encoding   

  12  0:00  Drone  
  13  0:12  Overlord  
  13  0:16  Drone  
  14  0:30  Drone x2  
  16  0:48  Hatchery  
  15  0:51  Drone  
  15  0:55  Drone  
  17  0:58  Drone  
  18  1:09  Extractor  
  17  1:14  Spawning Pool  
  17  1:17  Drone  
  17  1:20  Drone  
  18  1:28  Drone  
  19  1:40  Drone  
  20  1:52  Hatchery, Drone  
  20  2:04  Queen  
  22  2:11  Drone  
  23  2:18  Drone  
  23  2:20  Zergling x4  
  26  2:28  Metabolic Boost  
  26  2:31  Extractor  
  26  2:34  Drone  
  26  2:45  Overlord  
  26  2:47  Overlord  
  26  2:54  Drone x2  
  28  3:05  Queen  
  30  3:14  Roach Warren  
  30  3:17  Zergling x2  
  30  3:20  Zergling x2  
  30  3:25  Zergling x2  
  32  3:29  Zergling x2  
  32  3:30  Zergling x2  
  32  3:42  Overlord  
  32  3:54  Zergling x6  
  33  4:04  Roach x3  
  33  4:08  Roach x2  
  43  4:17  Roach  
  43  4:21  Roach  
  47  4:28  Ravager x2  
  47  4:29  Ravager  
  47  4:30  Ravager x2  
  52  4:32  Overlord  
  50  4:47  Roach  
  50  4:49  Overlord  
  50  4:51  Ravager  
  54  4:52  Zergling x2  
  54  4:53  Zergling x2  
  54  4:57  Zergling x4  
  58  5:00  Ravager  
  56  5:10  Zergling x6  
  56  5:13  Ravager  
  58  5:17  Zergling x4  
  58  5:20  Zergling x2  
  60  5:22  Zergling x2  
  58  5:40  Zergling x10  
  60  5:46  Roach  
  60  5:49  Roach  
  51  5:53  Roach  
  55  5:57  Roach  
  55  6:01  Roach  
  54  6:05  Roach  
  54  6:11  Roach, Ravager  
  58  6:15  Ravager  
  60  6:28  Zergling x4, Roach x2  
  65  6:36  Zergling x2, Ravager  
  63  6:47  Roach  
  63  6:48  Roach  
  65  7:02  Roach  
  65  7:06  Overlord  
  59  7:22  Zergling x6  
  58  7:39  Queen  
  60  7:48  Zergling x2  
  60  7:49  Zergling x2  
  58  7:56  Ravager  
  59  8:03  Drone  
  57  8:07  Drone  
  57  8:15  Queen  
  57  8:23  Zergling x2  
  58  8:28  Zergling x2  
  59  8:37  Zergling x2  
  56  8:48  Zergling x2  
  57  8:50  Queen  
  57  8:51  Zergling x6  
  62  8:55  Zergling x2  
  62  8:56  Zergling x2  
  62  9:00  Zergling x2  
  64  9:12  Spawning Pool  
  64  9:16  Zergling x2  
  63  9:23  Drone  
  64  9:33  Drone x3  
  67  9:41  Drone  
Show
View Real Time Build Order
Export as new Build Order

Has Protoss 

Build Orders:  

Get SALT Encoding   

  12  0:00  Probe  
  13  0:12  Probe  
  14  0:20  Pylon  
  14  0:24  Probe  
  15  0:34  Probe  
  15  0:42  Gateway, Probe  
  17  0:52  Probe  
  17  0:55  Assimilator  
  18  1:00  Probe  
  18  1:08  Probe  
  20  1:19  Forge  
  20  1:20  Probe  
  21  1:30  Cybernetics Core  
  21  1:34  Pylon  
  21  1:36  Pylon  
  21  1:50  Assimilator  
  21  1:53  Photon Cannon  
  21  1:57  Photon Cannon  
  21  2:05  Pylon  
  21  2:13  Photon Cannon  
  21  2:19  Photon Cannon  
  21  2:23  Stalker  
  21  2:27  Robotics Facility  
  23  2:41  Pylon  
  24  2:53  Stalker  
  25  3:01  Shield Battery  
  25  3:09  Shield Battery  
  25  3:10  Immortal  
  28  3:29  Shield Battery  
  27  3:42  Shield Battery  
  27  3:44  Shield Battery  
  27  3:54  Immortal  
  31  4:07  Shield Battery  
  27  4:17  Photon Cannon  
  27  4:31  Warp Gate, Warp Prism  
  27  4:51  Photon Cannon  
  27  4:59  Shield Battery  
  27  5:01  Shield Battery  
  27  5:02  Immortal  
  31  5:22  Shield Battery  
  31  5:36  Shield Battery  
  29  5:51  Robotics Facility, Probe  
  29  5:54  Shield Battery  
  29  5:56  Shield Battery  
  30  6:00  Shield Battery  
  30  6:10  Photon Cannon  
  30  6:13  Pylon  
  29  6:24  Probe  
  28  6:35  Probe  
  28  6:41  Sentry  
  28  6:43  Probe  
  30  6:51  Probe  
  31  7:03  Probe  
  32  7:15  Immortal, Probe  
  38  7:36  Photon Cannon  
  38  7:42  Photon Cannon  
  37  7:45  Probe  
  38  7:58  Probe  
  37  8:10  Immortal  
  31  8:42  Immortal  
  18  9:11  Warp Prism  
Tags
 
Add a new tag
Caveats
  • Supply blocks, unpowered buildings, or Contaminate may cause inaccurate times.
  • Supply counts are checked every 10 seconds.